 Dungeon Crawl Stone Soup version 0.32-a0-135-g14f8b2e (webtiles) character file.

Game seed: 13866032131397468306

959 Dorkslayer the Sneak (level 8, -2/54 HPs)
             Began as an Octopode Fighter on Feb 10, 2024.
             Killed from afar by Dowan (15 damage)
             ... with a puff of flame
             ... on level 5 of the Dungeon.
             The game lasted 00:10:07 (3126 turns).

Dorkslayer the Sneak (Octopode Fighter)             Turns: 3126, Time: 00:10:07

Health: -2/54      AC:  1    Str: 15    XL:     8   Next: 14%
Magic:  17/17      EV: 13    Int: 10    God:
Gold:   347        SH:  6    Dex: 12    Spells: 7/7 levels left

rFire   x . .        i - +4 trident "Giantbane" {venom, rC++ Will- MP+9}
rCold   + + .        a - +1 buckler
rNeg    . . .        (helmet restricted)
rPois   .            (no amulet)
rElec   .            (no ring)
rCorr   .            (no ring)
SInv    .            (no ring)
Will    .....        (no ring)
Stlth   ++++         (no ring)
HPRegen 0.29/turn    (no ring)
MPRegen 0.15/turn    (no ring)
                     (no ring)

%: no passive effects
@: attractive
A: almost no armour, amphibious, 8 rings, camouflage 1, gelatinous body 1,
(nimble swimmer 1), tentacles, antennae 1, weak 1, heat vulnerability 1
a: no special abilities


You were on level 5 of the Dungeon.
You visited 1 branch of the dungeon, and saw 5 of its levels.

You collected 347 gold pieces.

Inventory:

Hand Weapons
 i - the +4 trident "Giantbane" (weapon) {venom, rC++ Will- MP+9}
   (You found it on level 4 of the Dungeon)

   rC++:      It greatly protects you from cold.
   Will-:     It decreases your willpower.
   MP+9:      It affects your magic capacity (+9).
 k - a +0 war axe
Missiles
 h - 2 boomerangs
 j - 2 atropa-tipped darts (quivered)
Armour
 a - a +1 buckler (worn)
Talismans
 c - a blade talisman
Scrolls
 l - a scroll of poison
 m - a scroll of immolation
Potions
 b - a potion of curing
 g - a potion of brilliance
 n - a potion of heal wounds {unknown}


   Skills:
 + Level 3.9 Fighting
 + Level 4.0 Polearms
 + Level 0.3 Throwing
 + Level 4.2 Dodging
 + Level 4.8 Stealth
 + Level 3.8 Shields
 * Level 4.7 Unarmed Combat
 * Level 2.4 Shapeshifting


You had 7 spell levels left.
You didn't know any spells.
Your spell library contained the following spells:

 Spells                   Type           Power      Damage    Failure   Level
 Mercury Vapours          Alch/Air       0%         N/A       58%         2
 Hailstorm                Conj/Ice       0%         3d5       82%         3
 Mephitic Cloud           Conj/Alch/Air  0%         N/A       82%         3
 Summon Ice Beast         Ice/Summ       0%         N/A       82%         3
 Freezing Cloud           Conj/Ice/Air   0%         6-21      100%        5
 Sculpt Simulacrum        Ice/Alch       0%         N/A       100%        6


Dungeon Overview and Level Annotations

Branches:
Dungeon (5/15)
 Temple: D:4-7

Altars:
Makhleb
Ru

Shops:
D:1 (

Annotations:
D:5 Dowan, Duvessa


Innate Abilities, Weirdness & Mutations

You cannot wear most types of armour.
You are amphibious.
You can wear up to eight rings at the same time.
Your skin changes colour to match your surroundings (Stealth+).
Your rubbery body absorbs attacks. (AC +1, EV +1)
((You are camouflaged when in or above water. (Stealth+)))
You have tentacles for arms and can constrict up to eight enemies at once.
You have a pair of small antennae on your head.
You are weak. (Str -2)
You are vulnerable to heat. (rF-)


Message History

Press: ? - help, Dir - move target, f - ogre
Aim: an ogre, wielding a +0 giant club (about 23% to evade the +4 trident "Giantbane")
You reach to attack!
You puncture the ogre!
The ogre is moderately wounded.
Unknown command.
You puncture the ogre!
The ogre is poisoned.
You squeeze the ogre.
The ogre is severely wounded.
The ogre closely misses you.
You puncture the ogre!
You kill the ogre!
The iguana bites you!
Your Polearms skill increases to level 4!
You closely miss the iguana. You grab the iguana. You tentacle-slap the iguana.
You squeeze the iguana!
The iguana is severely wounded.
You constrict the iguana.
The iguana bites you but does no damage.
The iguana bites you!
* * * LOW HITPOINT WARNING * * *
As you read the scroll of teleportation, it crumbles to dust.
You feel strangely unstable.
The sentinel's mark upon you fades away.
You constrict the iguana. The iguana bites you.
* * * LOW HITPOINT WARNING * * *
You feel better.
You constrict the iguana. You block the iguana's attack.
The orc closely misses you.
You release your grip on the iguana.
Your surroundings suddenly seem different.
Found a trident.
Found an escape hatch in the floor.
Duvessa and Dowan come into view.
Dowan is wielding a +0 dagger and carrying a wand of flame.
Found a stone staircase leading down.
Found 7 gold pieces.
Dowan zaps a wand.
The puff of flame hits you! The fire burns you terribly!
* * * LOW HITPOINT WARNING * * *
It was a potion of attraction.
You feel attractive to monsters. Dowan casts a spell at you.
The puff of flame hits you! The fire burns you terribly!
You die...

#.......# ####
##..#...#
#..#####.......#
########..............#
#e.....#...............
#......###.............
#......# #.............
#......###............#
#.e...@....##..........
#......#...............
#......###.............
#......# ######...#....
#>...$.# ###........
######## #........##
########.#.#......
##.....#.<..#......
##........#.##.....)


You could see Duvessa (asleep) and Dowan.

Vanquished Creatures
  Sigmund (D:2)
  Edmund (D:4)
  An ice beast (D:5)
  2 ogres (D:5)
  A bullfrog (D:4)
  4 orc priests
  3 iguanas (D:5)
  2 orc wizards (D:3)
  5 adders
  A ribbon worm (D:3)
  A dart slug (D:1)
  9 orcs
  8 ball pythons
  4 endoplasms
  3 giant cockroaches
  6 hobgoblins
  3 jackals (D:4)
  A quokka (D:4)
  2 bats (D:2)
  3 frilled lizards
  11 goblins
  6 kobolds
  2 rats
80 creatures vanquished.

Notes
Turn   | Place    | Note
-------+----------+-------------------------------------------
     0 | D:1      | Dorkslayer the Octopode Fighter began the quest for the
                  | Orb.
     0 | D:1      | Reached XP level 1. HP: 16/16 MP: 1/1
     6 | D:1      | Noticed a rime drake
     6 | D:1      | Noticed a komodo dragon
     6 | D:1      | Noticed a lindwurm
     6 | D:1      | Noticed a mana viper
     6 | D:1      | Noticed a wolf
   215 | D:1      | Reached XP level 2. HP: 21/21 MP: 2/2
   330 | D:1      | Found Weingic's Weapon Shoppe.
   842 | D:2      | Reached XP level 3. HP: 26/26 MP: 3/3
   968 | D:2      | You fall into a shaft and drop 2 floors!
   996 | D:4      | Identified the +4 trident "Giantbane" {venom, rC++ Will-
                  | MP+9}
  1116 | D:4      | Noticed Edmund
  1124 | D:4      | Gained mutation: You are weak. (Str -2) [potion of
                  | mutation]
  1124 | D:4      | Gained mutation: You are vulnerable to heat. (rF-) [potion
                  | of mutation]
  1124 | D:4      | Gained mutation: You have a pair of small antennae on your
                  | head. [potion of mutation]
  1126 | D:4      | HP: 1/26 [Edmund/+0 flail of protection (12)]
  1127 | D:4      | Killed Edmund
  1128 | D:4      | Reached skill level 1 in Stealth
  1128 | D:4      | Reached skill level 1 in Shapeshifting
  1128 | D:4      | Reached XP level 4. HP: 1/31 MP: 4/4
  1128 | D:4      | Reached XP level 5. HP: 2/36 MP: 5/5
  1307 | D:2      | Noticed Sigmund
  1324 | D:2      | Killed Sigmund
  1325 | D:2      | Reached skill level 1 in Polearms
  1325 | D:2      | Reached XP level 6. HP: 9/42 MP: 6/6
  1480 | D:2      | Found a sacrificial altar of Ru.
  1868 | D:3      | Found a burning altar of Makhleb.
  2166 | D:3      | Reached XP level 7. HP: 19/46 MP: 7/7
  2809 | D:5      | Entered Level 5 of the Dungeon
  3074 | D:5      | Reached XP level 8. HP: 54/54 MP: 8/8
  3123 | D:5      | Noticed Duvessa
  3123 | D:5      | Noticed Dowan
  3126 | D:5      | Killed from afar by Dowan

Illustrated notes

Levels and vault maps discovered:
D:1:      onia_arrival_zoo_common, layout_loops_corners, serial_shops, shop
D:2:      layout_basic, basic_altar, serial_bayou_pond_d, uniq_sigmund
D:3:      layout_loops_ring, amcnicky_altar_gilded
D:4:      layout_basic, uniq_edmund
D:5:      layout_rooms, uniq_duvessa

Skill      XL: |  1  2  3  4  5  6  7  8 |
---------------+-------------------------+-----
Stealth        | 1 2 3 4 |  4.8
Unarmed Combat | 3 4 |  4.7
Shapeshifting  | 1 2 |  2.4
Polearms       | 1 2 3 4 |  4.0
Dodging        | 4 |  4.2
Fighting       | |  3.9
Throwing       | |  0.3
Shields        | |  3.8

Action                     |  1- 3 |  4- 6 |  7- 9 || total
---------------------------+-------+-------+-------++-------
  Melee: Unarmed           |    45 |       |       ||    45
         Constrict         |    15 |     4 |    12 ||    31
         Tentacles         |     7 |     5 |     9 ||    21
         Punch             |     2 |     1 |     3 ||     6
         Trident           |     7 |    55 |    62 ||   124
  Throw: Dart              |       |     1 |     4 ||     5
    Use: Potion            |     2 |     2 |     3 ||     7
         Scroll            |       |     7 |     4 ||    11
   Stab: Sleeping          |     5 |    12 |     5 ||    22
         Invisible         |       |     1 |       ||     1
 Armour: Skin              |    15 |    18 |    24 ||    57
  Dodge: Dodged            |    24 |    13 |    26 ||    63
  Block: Buckler           |    13 |     3 |     9 ||    25

Table legend: (Time is in decaauts)
 A = Elapsed time spent in this place.
 B = Non-inter-level travel time spent in this place.
 C = Inter-level travel time spent in this place.
 D = Time resting spent in this place.
 E = Time spent auto-exploring this place.
 F = Levels seen in this place.
 G = Mean time per level.
                   A        B        C        D        E       F      G
               +--------+--------+--------+--------+--------+-----+--------+
         Total |   3155 |   3155 |      0 |    126 |   1881 |   5 |  631.0 |
       Dungeon |   3155 |   3155 |      0 |    126 |   1881 |   5 |  631.0 |
               +--------+--------+--------+--------+--------+-----+--------+

Top non-repeatable levels by time:
     D:1: 829 daAuts
     D:3: 786 daAuts
     D:4: 624 daAuts
     D:2: 590 daAuts
     D:5: 324 daAuts
